Map: Tropical Sacrifice

Players

DisReSpeCT

  • Race: Terran Terran
  • Spawn Location: 1:00

MaNa - Winner!

  • Race: Protoss Protoss
  • Spawn Location: 7:00

Event: DreamHack SC2 Masters 2022 Atlanta (Offline)

VOD

Have the link to the VOD?

Description

Time

  • Played on: Nov. 18, 2022, 10:16 a.m.
  • Length: 14:33

All games in this series

Show
View Real Time Build Order
Export as new Build Order

DisReSpeCT Terran 

Build Orders:  

Get SALT Encoding   

  12  0:00  SCV  
  13  0:12  SCV  
  14  0:17  Supply Depot  
  14  0:24  SCV  
  15  0:39  SCV  
  15  0:41  Barracks  
  16  0:47  Refinery  
  16  0:51  SCV  
  17  1:03  SCV  
  18  1:15  SCV  
  19  1:28  Orbital Command, Marine  
  20  1:48  Command Center  
  20  1:53  Barracks Reactor  
  20  1:56  SCV  
  21  2:06  Supply Depot  
  22  2:08  SCV  
  22  2:16  Factory  
  22  2:20  SCV  
  23  2:29  Marine x2  
  25  2:32  SCV  
  25  2:34  Refinery  
  26  2:39  Bunker  
  26  2:44  SCV  
  26  2:47  Marine x2  
  29  2:57  SCV  
  30  3:02  Starport  
  27  3:05  Orbital Command  
  30  3:10  Marine  
  30  3:12  Marine  
  32  3:18  SCV  
  33  3:24  Widow Mine  
  35  3:28  Supply Depot  
  35  3:30  SCV, Marine  
  35  3:34  SCV  
  38  3:38  Medivac  
  40  3:42  SCV  
  40  3:46  Barracks  
  40  3:48  Widow Mine  
  43  3:49  SCV  
  43  3:55  SCV  
  45  3:57  Barracks  
  45  4:01  SCV  
  45  4:02  Marine x2  
  48  4:07  SCV  
  49  4:10  Supply Depot  
  49  4:14  SCV  
  50  4:23  SCV  
  50  4:25  Factory Tech Lab, Starport Tech Lab  
  50  4:26  SCV  
  47  4:32  Marine  
  47  4:33  Marine  
  47  4:35  SCV  
  47  4:38  SCV  
  51  4:43  Engineering Bay  
  51  4:48  SCV, Stimpack, Marine  
  51  4:50  SCV, Starport Reactor  
  51  4:51  Marine x2  
  51  4:52  Factory Reactor  
  56  4:57  Supply Depot  
  56  5:00  SCV  
  56  5:02  SCV  
  58  5:10  Terran Infantry Weapons Level 1  
  58  5:12  SCV  
  59  5:14  SCV, Marine x2  
  59  5:18  Refinery  
  59  5:19  Marine  
  59  5:20  Refinery, Missile Turret  
  63  5:24  SCV  
  63  5:26  SCV  
  63  5:27  Medivac x2  
  65  5:30  Widow Mine  
  65  5:31  Widow Mine  
  69  5:36  Supply Depot, SCV  
  70  5:43  Combat Shield  
  70  5:50  Supply Depot  
  70  5:52  Supply Depot  
  70  5:58  SCV, Widow Mine x2, Marauder, Marine  
  78  6:12  SCV, Medivac x2, Marauder, Marine  
  78  6:14  SCV  
  78  6:15  Supply Depot  
  78  6:17  Marine  
  88  6:20  Marauder  
  90  6:26  SCV, Command Center  
  90  6:30  Marine  
  90  6:31  SCV  
  93  6:36  Marauder  
  93  6:37  Supply Depot  
  92  6:42  Marauder, Marine  
  92  6:44  Widow Mine x2  
  99  6:47  Marine  
  99  6:48  SCV  
  101  6:57  Viking  
  101  6:59  SCV, Marauder, Marine  
  105  7:03  Marauder  
  105  7:05  SCV  
  107  7:11  SCV  
  108  7:17  Barracks, SCV  
  108  7:18  Barracks  
  109  7:23  SCV  
  110  7:32  Marauder  
  110  7:35  Marauder, Marine  
  110  7:38  Marine  
  111  7:44  Viking x2  
  111  7:46  SCV x2  
  111  7:49  Missile Turret  
  111  7:51  Terran Infantry Armor Level 1  
  111  7:53  Marine  
  111  7:54  Marauder  
  111  7:58  SCV, Marauder, Marine  
  116  8:05  Orbital Command  
  116  8:07  SCV  
  116  8:09  Barracks Tech Lab  
  116  8:10  Barracks Reactor, SCV, Missile Turret, Marine  
  119  8:12  Ghost Academy  
  119  8:15  Marauder  
  119  8:18  Marine  
  119  8:19  SCV, Marauder  
  125  8:28  Supply Depot  
  125  8:30  Supply Depot  
  125  8:36  Marine x2  
  125  8:37  Supply Depot, Viking, Marauder, SCV x2  
  133  8:44  Enhanced Shockwaves  
  133  8:49  Refinery, Ghost  
  133  8:50  SCV x3, Marine x2  
  133  8:52  Marine  
  133  8:54  Ghost  
  142  8:56  Supply Depot  
  142  9:02  SCV  
  143  9:05  Bunker  
  143  9:06  Marine  
  143  9:07  Widow Mine x2, Marauder  
  143  9:08  Marine x2  
  151  9:18  SCV x2, Marauder  
  151  9:22  SCV  
  156  9:26  Supply Depot  
  99  9:58  Ghost  
  99  9:59  Marauder x2, Marine  
  85  10:00  Viking x2, Widow Mine x2  
  112  10:08  Engineering Bay  
  112  10:09  Supply Depot, Armory  
  112  10:10  Refinery, Marine x3  
  112  10:11  Personal Cloaking  
  113  10:16  Marine  
  113  10:19  Command Center, Ghost  
  118  10:26  Marauder  
  118  10:27  Marauder  
  118  10:28  Marine x3  
  124  10:35  Barracks x2  
  123  10:37  Barracks  
  123  10:42  Viking, Marine  
  128  10:43  Viking, Widow Mine x2  
  128  10:44  SCV x2  
  134  10:53  Marine x2, Ghost  
  141  10:59  Terran Infantry Weapons Level 2  
  141  11:01  Terran Infantry Armor Level 2  
  138  11:10  Supply Depot  
  138  11:14  Marauder x2, Marine x2  
  138  11:15  Viking  
  146  11:27  Barracks Tech Lab  
  146  11:28  Barracks Tech Lab, Marauder  
  146  11:29  Barracks Reactor  
  148  11:33  SCV x2  
  148  11:38  Missile Turret  
  150  11:41  Marine  
  150  11:42  Marauder x2, Marine x3  
  150  11:44  Missile Turret  
  150  11:45  Missile Turret  
  158  11:59  Marine x2  
  158  12:00  Viking, Marauder x2, Marine x2  
  158  12:01  Viking, SCV  
  170  12:02  Planetary Fortress  
  170  12:05  Refinery  
  170  12:07  Refinery  
  171  12:10  Marauder x3, Marine x2  
  177  12:17  Marine x2  
  137  12:32  Marauder x3, Marine  
  137  12:33  Marauder  
  138  12:37  Marine  
  138  12:38  Medivac x2, Marauder, Widow Mine x2  
  145  12:53  Ghost x2  
  145  12:54  SCV, Marauder x2  
  145  12:57  Marine x5  
  159  12:59  Marauder  
  159  13:00  Widow Mine x2  
  159  13:03  Marine  
  166  13:05  SCV  
  166  13:11  Starport  
  167  13:14  Marine  
  167  13:15  Marauder x2  
  166  13:27  Concussive Shells  
  157  13:29  Medivac x2, Marine  
  157  13:30  Marine x4, Ghost x3  
  172  13:43  Marauder x2, Marine  
  172  13:47  Marine  
  172  13:48  Marine x3  
  179  13:49  Marine  
  168  13:58  Supply Depot  
  168  13:59  Marauder x2, Marine  
  166  14:06  Marauder, Marine  
  166  14:07  Marauder, Marine x3  
Show
View Real Time Build Order
Export as new Build Order

MaNa Protoss - Winner!

Build Orders: 1 Gate Expand, Oracle Opening, Colossus Rush 

Get SALT Encoding   

  12  0:00  Probe  
  13  0:12  Probe  
  14  0:19  Pylon  
  14  0:24  Probe (Chrono Boost)  
  15  0:37  Probe (Chrono Boost)  
  15  0:40  Gateway  
  16  0:45  Probe (Chrono Boost)  
  17  0:52  Probe  
  17  0:54  Assimilator  
  18  1:04  Probe  
  19  1:16  Probe  
  20  1:28  Cybernetics Core, Probe  
  21  1:40  Nexus  
  21  1:47  Pylon  
  21  1:50  Probe  
  22  1:57  Assimilator  
  22  2:02  Adept (Chrono Boost), Probe  
  25  2:14  Probe  
  26  2:22  Adept (Chrono Boost)  
  26  2:26  Probe  
  29  2:36  Stargate  
  29  2:38  Probe  
  30  2:49  Warp Gate  
  31  2:51  Adept, Probe (Chrono Boost)  
  31  2:54  Probe (Chrono Boost)  
  36  3:06  Probe (Chrono Boost)  
  36  3:09  Probe (Chrono Boost)  
  36  3:12  Probe (Chrono Boost)  
  36  3:15  Probe (Chrono Boost)  
  36  3:17  Oracle (Chrono Boost)  
  41  3:22  Probe  
  41  3:24  Pylon  
  41  3:26  Adept  
  44  3:27  Probe  
  46  3:34  Probe  
  46  3:40  Pylon  
  46  3:42  Probe  
  46  3:44  Robotics Facility  
  46  3:45  Assimilator  
  46  3:46  Probe  
  48  3:50  Gateway  
  49  3:58  Probe x2 (Chrono Boost)  
  49  4:02  Assimilator  
  50  4:06  Phoenix  
  50  4:07  Probe (Chrono Boost)  
  54  4:10  Probe (Chrono Boost)  
  54  4:20  Probe  
  55  4:27  Probe  
  55  4:31  Phoenix  
  58  4:32  Probe  
  59  4:40  Robotics Bay  
  59  4:42  Probe  
  59  4:43  Nexus  
  59  4:44  Probe  
  61  4:46  Pylon  
  61  4:53  Observer  
  61  4:57  Pylon  
  62  5:04  Phoenix, Probe x2  
  66  5:16  Probe x2  
  68  5:23  Colossus (Chrono Boost)  
  68  5:28  Probe x2  
  76  5:31  Pylon  
  76  5:32  Sentry  
  78  5:37  Twilight Council  
  78  5:39  Pylon  
  78  5:48  Pylon  
  78  5:49  Probe x2  
  80  5:52  Phoenix  
  82  5:59  Probe  
  82  6:01  Probe x2  
  85  6:06  Colossus (Chrono Boost)  
  91  6:11  Probe  
  91  6:13  Probe x2  
  91  6:15  Charge  
  94  6:22  Zealot x2  
  94  6:23  Probe  
  99  6:25  Probe  
  99  6:27  Gateway  
  99  6:28  Gateway  
  99  6:29  Shield Battery, Probe  
  99  6:32  Shield Battery  
  101  6:35  Probe  
  101  6:37  Phoenix  
  101  6:38  Probe  
  105  6:41  Probe  
  106  6:47  Probe  
  106  6:48  Gateway  
  106  6:49  Gateway  
  106  6:50  Probe  
  106  6:53  Probe  
  109  6:55  Forge  
  109  6:57  Observer  
  109  6:59  Probe  
  110  7:02  Phoenix  
  110  7:06  Colossus, Probe  
  117  7:14  Pylon  
  117  7:15  Pylon  
  117  7:16  Assimilator  
  117  7:19  Gateway, Assimilator  
  117  7:20  Gateway  
  116  7:28  Probe  
  114  7:30  Probe  
  114  7:31  Probe  
  108  7:37  Zealot x4  
  108  7:40  Probe  
  108  7:41  Phoenix  
  108  7:42  Probe  
  108  7:43  Probe  
  121  7:52  Probe  
  121  7:54  Probe  
  121  7:55  Probe  
  121  7:58  Protoss Ground Weapons Level 1 (Chrono Boost), Templar Archives  
  124  8:02  Photon Cannon  
  124  8:03  Observer, Extended Thermal Lance (Chrono Boost)  
  124  8:04  Probe  
  126  8:05  Shield Battery  
  126  8:08  Nexus  
  126  8:11  Pylon  
  126  8:19  Pylon  
  126  8:21  Probe, Pylon  
  126  8:23  Probe x2  
  127  8:28  Forge  
  127  8:30  Gateway x2  
  127  8:33  Probe  
  128  8:35  Warp Prism (Chrono Boost), High Templar x4  
  128  8:39  Archon x2  
  138  8:43  Zealot x2  
  138  8:46  Zealot  
  138  8:48  Zealot  
  146  8:51  Probe x2  
  146  8:52  Probe  
  149  8:57  Protoss Ground Armor Level 1 (Chrono Boost)  
  149  8:59  Observer, Pylon  
  149  9:00  Pylon  
  149  9:11  Robotics Facility  
  149  9:16  Probe x2  
  151  9:26  High Templar x4  
  151  9:27  Zealot x6  
  151  9:31  Archon x2  
  131  9:49  Zealot x6  
  131  9:53  Colossus (Chrono Boost)  
  131  9:55  Protoss Ground Weapons Level 2 (Chrono Boost)  
  131  9:57  Blink (Chrono Boost)  
  135  10:00  High Templar  
  135  10:01  Zealot x2, High Templar  
  135  10:05  Archon  
  139  10:07  Assimilator  
  139  10:08  Assimilator  
  139  10:11  Zealot x6  
  151  10:20  Immortal (Chrono Boost)  
  155  10:29  Gravitic Drive (Chrono Boost)  
  155  10:36  Nexus  
  155  10:38  Pylon  
  155  10:40  Stalker x6  
  155  10:41  Warp Prism  
  169  10:45  Zealot x4  
  175  10:55  Observer  
  175  11:04  Sentry x2  
  177  11:06  Zealot x8  
  177  11:08  Protoss Ground Armor Level 2 (Chrono Boost)  
  195  11:14  Photon Cannon  
  195  11:15  Probe  
  195  11:17  Shield Battery  
  195  11:18  Photon Cannon  
  196  11:20  Probe x3  
  196  11:28  Pylon  
  196  11:35  Observer  
  196  11:46  Immortal  
  196  11:59  Stalker x3  
  200  12:18  Photon Cannon  
  200  12:20  Photon Cannon  
  200  12:22  Photon Cannon  
  190  12:23  Shield Battery  
  190  12:29  Stalker x6  
  183  12:30  Stalker x4  
  189  12:38  Disruptor x2  
  189  12:40  Probe x2  
  189  12:42  Assimilator  
  197  12:46  Assimilator  
  185  13:02  Zealot  
  185  13:03  Zealot x6  
  199  13:10  Robotics Facility  
  199  13:11  Robotics Facility  
  185  13:29  Zealot x7  
  199  13:40  Observer  
  191  14:21  Stalker x2  
  191  14:22  Stalker x8  
Tags
 
Add a new tag
Caveats
  • Supply blocks, unpowered buildings, or Contaminate may cause inaccurate times.
  • Supply counts are checked every 10 seconds.